 Dungeon Crawl Stone Soup version 0.23-a0-171-g5ae17c6e89 (webtiles) character file.

3635 Ablot the Magician (level 10, -14/77 HPs)
             Began as a Gnoll Skald on Sept 12, 2018.
             Was a High Priest of Okawaru.
             Demolished by a two-headed ogre
             ... wielding a +0 giant club
              (32 damage)
             ... on level 7 of the Dungeon on Sept 13, 2018.
             The game lasted 00:16:29 (6135 turns).

Ablot the Magician (Gnoll Skald)                    Turns: 6135, Time: 00:16:30

Health: -14/77     AC:  9    Str: 16    XL:     10   Next: 11%
Magic:  16/20      EV: 20    Int: 16    God:    Okawaru [*****.]
Gold:   375        SH:  0    Dex: 20    Spells: 12/23 levels left

rFire    . . .     SeeInvis +   H - +4 quarterstaff (chaos)
rCold    + . .     Gourm    .   (shield currently unavailable)
rNeg     . . .     Faith    .   I - +0 ring mail {rC+}
rPois    .         Spirit   .   (no helmet)
rElec    .         Reflect  .   a - +1 cloak
rCorr    .         Harm     .   (no gloves)
MR       .....     Rnd*Tele +   m - +0 pair of boots
Stlth    ++++......             s - amulet of magic regeneration
HPRegen  0.22/turn              g - ring of see invisible
MPRegen  0.42/turn              G - ring of teleportation (curse)

@: agile, lethally poisoned (-14 -> -15), very slightly contaminated
A: distributed training, fangs 1, strong nose
a: Heroism, Finesse, Renounce Religion


You were on level 7 of the Dungeon.
You worshipped Okawaru.
Okawaru was extremely pleased with you.
You were hungry.

You visited 1 branch of the dungeon, and saw 8 of its levels.

You collected 375 gold pieces.

Inventory:

Hand Weapons
 h - a +1 spear of venom
 B - a +2 mace of crushing
 H - a +4 quarterstaff of chaos (weapon)
 L - a +0 shortbow of flaming
Missiles
 c - 60 sling bullets
 e - 266 stones
 n - 139 arrows
 w - 69 bolts
 y - 17 poisoned needles
 F - 3 throwing nets (quivered)
Armour
 a - a +1 cloak (worn)
 m - a +0 pair of boots (worn)
 I - a +0 ring mail of cold resistance (worn)
Jewellery
 g - a ring of see invisible (left hand)
 s - an amulet of magic regeneration (around neck)
 G - a cursed ring of teleportation (right hand)
Wands
 v - a wand of enslavement (5)
 C - a wand of random effects (12)
 J - a wand of acid (8)
 K - a wand of paralysis (19)
Scrolls
 f - 6 scrolls of remove curse
 i - 5 scrolls of teleportation {unknown}
 j - 3 scrolls of amnesia {unknown}
 k - 4 scrolls of magic mapping {unknown}
 o - 3 scrolls of fear {unknown}
 q - 5 scrolls of enchant weapon {unknown}
 r - 2 scrolls of enchant armour {unknown}
 A - a scroll of immolation {unknown}
Potions
 b - a potion of brilliance {unknown}
 l - 4 potions of agility
 p - 3 potions of curing
 u - 2 potions of mutation
 x - 2 potions of flight
 z - a potion of heal wounds
 D - 2 potions of haste
 E - 2 potions of lignification
Comestibles
 d - 21 rations
 t - 23 chunks of flesh


   Skills:
 + Level 6.7 Fighting
 + Level 4.9 Short Blades
 + Level 4.9 Long Blades
 + Level 4.9 Axes
 + Level 4.9 Maces & Flails
 + Level 6.7 Polearms
 + Level 4.9 Staves
 + Level 4.9 Slings
 + Level 4.9 Bows
 + Level 4.9 Crossbows
 + Level 4.9 Throwing
 + Level 5.6 Armour
 + Level 6.7 Dodging
 + Level 4.9 Stealth
 + Level 4.9 Shields
 + Level 4.9 Unarmed Combat
 + Level 7.1 Spellcasting
 + Level 4.0 Conjurations
 + Level 4.0 Hexes
 + Level 6.9 Charms
 + Level 4.0 Summonings
 + Level 4.0 Necromancy
 + Level 4.0 Translocations
 + Level 4.0 Transmutations
 + Level 4.0 Fire Magic
 + Level 4.0 Ice Magic
 + Level 4.0 Air Magic
 + Level 4.0 Earth Magic
 + Level 4.0 Poison Magic
 + Level 5.3 Invocations
 + Level 4.9 Evocations


You had 12 spell levels left.
You knew the following spells:

 Your Spells              Type           Power        Failure   Level  Hunger
a - Infusion              Chrm           ####         1%          1    None
b - Song of Slaying       Chrm           ####....     1%          2    None
c - Shroud of Golubria    Chrm/Tloc      ###.......   3%          2    None
d - Regeneration          Chrm/Necr      ###.......   7%          3    ##.....
e - Spectral Weapon       Hex/Chrm       ###.....     7%          3    ##.....

Your spell library contained the following spells:

 Spells                   Type           Power        Failure   Level  Hunger


Dungeon Overview and Level Annotations

Branches:
Dungeon (8/15)             Temple (0/1) D:5            Lair (0/6) D:8

Altars:
Ashenzari
Cheibriados
Elyvilon
Gozag
Okawaru
Xom

Annotations:
D:7 2 transporters, Flugkiller's ghost, novice FeSu


Innate Abilities, Weirdness & Mutations

Your experience applies equally to all skills.
You have very sharp teeth.
Your uncanny sense of smell can sniff out nearby items.


Message History

You feel a wrenching sensation.
You feel sick.
The two-headed ogre struggles against the net.
The net rips apart, and the two-headed ogre comes free!
Casting: Shroud of Golubria (safe; 3% risk of failure)
Confirm with . or Enter, or press ? or * to list all spells.
Space distorts slightly along a thin shroud covering your body.
Unknown command.
You sock the two-headed ogre! You burn the two-headed ogre.
The two-headed ogre is severely wounded.
You feel like a meek peon again.
You feel sick.
The two-headed ogre hits you with a giant club!
* * * LOW HITPOINT WARNING * * *
Your shroud falls apart!
The two-headed ogre barely misses you.
You hit the two-headed ogre.
The two-headed ogre goes berserk!
The two-headed ogre is almost dead.
Your skin stops crawling.
The two-headed ogre hits you with a giant club!!
You die...

#.#..# #.#.##
#.#.###########
#######.#...........#
......#.###########.#
...)......# #.# '####...#.#
#.#
..#######.#########.#######
..+...........[O@>#.#.....#
..#####.#.#########.#.###.#
###.......# #.#..<#.#
###.###.### #.#.###.# ....#
#.# #.#...#.# ##### #.#
#.#####.# # #.# #.# #.# #
#.# #.# #.# # ####'#####
#.# #.#


You could see a two-headed ogre (berserk).

Vanquished Creatures
  Harold (D:7)
  An elephant (D:7)
  A hippogriff (D:7)
  A yak (D:7)
  A basilisk (D:7)
  A hungry ghost (D:7)
  Menkaure (D:7)
  An ice beast (D:4)
  4 ogres
  A crocodile (D:7)
  4 centaurs
  A gnoll sergeant (D:7)
  2 scorpions
  A howler monkey (D:6)
  3 crimson imps
  A gnoll shaman (D:4)
  Crazy Yiuf (D:4)
  An orc wizard (D:5)
  A centaur skeleton (D:3)
  5 orc priests
  A bullfrog skeleton (D:5)
  3 iguanas
  6 worker ants
  A hound zombie (D:7)
  A howler monkey zombie (D:7)
  A worker ant zombie (D:5)
  9 gnolls
  11 adders
  A shadow imp (D:7)
  An adder skeleton (D:4)
  5 worms
  2 dart slugs
  3 leopard geckos
  19 orcs
  8 giant cockroaches
  9 goblins
  4 hobgoblins
  A jackal (D:2)
  2 quokkas
  A bat (D:1)
  4 frilled lizards
  2 jackal skeletons
  6 kobolds
  A leopard gecko skeleton (D:7)
  A quokka skeleton (D:4)
  8 rats
  A bush (D:4)
145 creatures vanquished.

Vanquished Creatures (others)
  2 spectral weapons
2 creatures vanquished.

Grand Total: 147 creatures vanquished

Notes
Turn   | Place    | Note
-------+----------+-------------------------------------------
     0 | D:1      | Ablot the Gnoll Skald began the quest for the Orb.
     0 | D:1      | Reached XP level 1. HP: 20/20 MP: 6/6
     0 | D:1      | Upgraded the game from 0.23-a0-169-gb21e69520c to
                  | 0.23-a0-171-g5ae17c6e89
   217 | D:1      | Reached XP level 2. HP: 26/26 MP: 7/7
   221 | D:1      | Learned a level 2 spell: Song of Slaying
   224 | D:1      | Learned a level 2 spell: Shroud of Golubria
   904 | D:2      | Found a white marble altar of Elyvilon.
   906 | D:2      | Found a shimmering altar of Xom.
  1403 | D:2      | Found a faded altar of an unknown god.
  1418 | D:2      | Found a snail-covered altar of Cheibriados.
  1491 | D:2      | Reached XP level 3. HP: 31/31 MP: 2/9
  1507 | D:2      | Learned a level 3 spell: Regeneration
  1511 | D:2      | Learned a level 3 spell: Spectral Weapon
  1563 | D:2      | Reached skill level 5 in Spellcasting
  1584 | D:2      | Reached skill level 1 in Invocations
  2024 | D:3      | Reached skill level 1 in Short Blades
  2024 | D:3      | Reached skill level 1 in Long Blades
  2024 | D:3      | Reached skill level 1 in Axes
  2024 | D:3      | Reached skill level 1 in Maces & Flails
  2024 | D:3      | Reached skill level 1 in Staves
  2024 | D:3      | Reached skill level 1 in Slings
  2024 | D:3      | Reached skill level 1 in Bows
  2024 | D:3      | Reached skill level 1 in Crossbows
  2024 | D:3      | Reached skill level 1 in Throwing
  2024 | D:3      | Reached skill level 1 in Stealth
  2024 | D:3      | Reached skill level 1 in Shields
  2024 | D:3      | Reached skill level 1 in Unarmed Combat
  2024 | D:3      | Reached skill level 1 in Evocations
  2118 | D:3      | Reached XP level 4. HP: 38/38 MP: 1/11
  2155 | D:3      | Noticed an ogre
  2158 | D:3      | Reached skill level 1 in Conjurations
  2158 | D:3      | Reached skill level 1 in Hexes
  2158 | D:3      | Reached skill level 1 in Summonings
  2158 | D:3      | Reached skill level 1 in Necromancy
  2158 | D:3      | Reached skill level 1 in Translocations
  2158 | D:3      | Reached skill level 1 in Transmutations
  2158 | D:3      | Reached skill level 1 in Fire Magic
  2158 | D:3      | Reached skill level 1 in Ice Magic
  2158 | D:3      | Reached skill level 1 in Air Magic
  2158 | D:3      | Reached skill level 1 in Earth Magic
  2158 | D:3      | Reached skill level 1 in Poison Magic
  2170 | D:3      | Killed an ogre
  2170 | D:3      | Reached XP level 5. HP: 30/43 MP: 6/12
  2364 | D:3      | Found an iron altar of Okawaru.
  2375 | D:3      | Reached XP level 6. HP: 50/50 MP: 9/13
  2383 | D:3      | Became a worshipper of Warmaster Okawaru
  2424 | D:3      | Found an opulent altar of Gozag.
  2727 | D:3      | Reached skill level 5 in Fighting
  2727 | D:3      | Reached skill level 5 in Polearms
  2727 | D:3      | Reached skill level 5 in Dodging
  2747 | D:3      | Found a shattered altar of Ashenzari.
  3299 | D:4      | Reached XP level 7. HP: 54/56 MP: 15/15
  3961 | D:4      | Found a runed door.
  3969 | D:4      | Noticed Crazy Yiuf
  3975 | D:4      | Killed Crazy Yiuf
  4009 | D:5      | Entered Level 5 of the Dungeon
  4020 | D:5      | Found a staircase to the Ecumenical Temple.
  4062 | D:5      | Reached * piety under Okawaru
  4177 | D:5      | Reached XP level 8. HP: 17/63 MP: 10/16
  4679 | D:6      | Reached skill level 6 in Spellcasting
  5513 | D:7      | Reached ** piety under Okawaru
  5551 | D:7      | Noticed Harold
  5562 | D:7      | Killed Harold
  5562 | D:7      | Reached *** piety under Okawaru
  5562 | D:7      | Reached **** piety under Okawaru
  5562 | D:7      | Reached skill level 5 in Armour
  5562 | D:7      | Reached XP level 9. HP: 45/69 MP: 15/18
  5563 | D:7      | Found a transporter.
  5563 | D:7      | Noticed Flugkiller's ghost (novice FeSu)
  5634 | D:7      | Noticed Menkaure
  5640 | D:7      | Killed Menkaure
  5696 | D:7      | Found a transporter.
  5983 | D:8      | Found a staircase to the Lair.
  5983 | D:8      | Noticed an elephant
  6009 | D:7      | Reached skill level 5 in Invocations
  6030 | D:8      | Noticed a two-headed ogre
  6042 | D:7      | Killed an elephant
  6042 | D:7      | Reached skill level 7 in Spellcasting
  6042 | D:7      | Reached XP level 10. HP: 49/77 MP: 20/20
  6057 | D:7      | Reached ***** piety under Okawaru
  6135 | D:7      | Demolished by a two-headed ogre

Vault maps used:
D:1:      onia_arrival_pyramid, roderic_lattice_a
D:2:      nicolae_overflow_hidden_temple, first_ration,
          chequers_ecumenical_altar_island
D:3:      nicolae_gozag_seed_capital, ashenzari_conservatory_becter,
          hangedman_decor_lopped, kennysheep_okawaru_gauntlet
D:4:      hangedman_decor_points, uniq_crazy_yiuf_cottage
D:5:      minmay_temple_entry_glass
D:6:      minmay_misc_feat_hallway
D:7:      gammafunk_ghost_mausoleum, grunt_ogre_cave, uniq_harold, uniq_menkaure
D:8:      david_lair_generic, basic_altar, uniq_grum

Skill      XL: |  1  2  3  4  5  6  7  8  9 10 |
---------------+-------------------------------+-----
Spellcasting   | 5 6 7 |  7.1
Invocations    | 1 2 3 4 5 |  5.3
Short Blades   | 1 2 4 |  4.9
Long Blades    | 1 2 4 |  4.9
Axes           | 1 2 4 |  4.9
Maces & Flails | 1 2 4 |  4.9
Staves         | 1 2 4 |  4.9
Slings         | 1 2 4 |  4.9
Bows           | 1 2 4 |  4.9
Crossbows      | 1 2 4 |  4.9
Throwing       | 1 2 4 |  4.9
Stealth        | 1 2 4 |  4.9
Shields        | 1 2 4 |  4.9
Unarmed Combat | 1 2 4 |  4.9
Evocations     | 1 2 4 |  4.9
Conjurations   | 1 2 3 4 |  4.0
Hexes          | 1 2 3 4 |  4.0
Summonings     | 1 2 3 4 |  4.0
Necromancy     | 1 2 3 4 |  4.0
Translocations | 1 2 3 4 |  4.0
Transmutations | 1 2 3 4 |  4.0
Fire Magic     | 1 2 3 4 |  4.0
Ice Magic      | 1 2 3 4 |  4.0
Air Magic      | 1 2 3 4 |  4.0
Earth Magic    | 1 2 3 4 |  4.0
Poison Magic   | 1 2 3 4 |  4.0
Armour         | 3 5 |  5.6
Fighting       | 5 6 |  6.7
Polearms       | 5 6 |  6.7
Dodging        | 5 6 |  6.7
Charms         | 6 |  6.9

Action                   |  1- 3 |  4- 6 |  7- 9 | 10-12 || total
-------------------------+-------+-------+-------+-------++-------
Melee: Spear             |   147 |   117 |       |       ||   264
       Bite              |     9 |    12 |    28 |     7 ||    56
       Punch             |       |     2 |     1 |       ||     3
       Mace              |       |    37 |   105 |       ||   142
       War axe           |       |       |    20 |       ||    20
       Quarterstaff      |       |       |   142 |    29 ||   171
Throw: Throwing net      |       |       |       |     2 ||     2
 Cast: Shroud of Golubri |     6 |     8 |    22 |     3 ||    39
       Infusion          |     1 |     2 |     4 |       ||     7
       Regeneration      |     2 |     6 |    17 |     4 ||    29
       Spectral Weapon   |     1 |     6 |     7 |       ||    14
       Song of Slaying   |       |     2 |     7 |     1 ||    10
Invok: Heroism           |       |       |       |     1 ||     1
  Use: Scroll            |       |       |     9 |       ||     9
       Potion            |       |       |       |     3 ||     3
 Stab: Sleeping          |     4 |     1 |     6 |       ||    11
       Distracted        |       |     1 |       |       ||     1
       Petrifying        |       |       |     4 |       ||     4
       Held in net/web   |       |       |       |     2 ||     2
  Eat: Chunk             |     4 |     6 |    12 |       ||    22
Armor: Leather armour    |    15 |    17 |    22 |       ||    54
       Ring mail         |       |       |    37 |    13 ||    50
Dodge: Dodged            |    68 |    74 |   159 |    28 ||   329

Table legend:
 A = Non-vault XP
 B = Vault XP
 C = Vault XP percentage of total XP
 D = Non-vault monster count
 E = Vault monster count
 F = Vault count percentage of total count
                 A         B        C        D         E       F
            +---------+---------+-------+---------+---------+-------
      Total |    2909 |    2285 |  44.0 |     134 |      10 |   6.9
            +---------+---------+-------+---------+---------+-------
        D:1 |      17 |       0 |   0.0 |       9 |       0 |   0.0
        D:2 |      49 |       0 |   0.0 |      19 |       0 |   0.0
        D:3 |     405 |       4 |   1.0 |      35 |       2 |   5.4
        D:4 |     465 |      42 |   8.3 |      24 |       1 |   4.0
        D:5 |     456 |       0 |   0.0 |      17 |       0 |   0.0
        D:6 |     495 |       0 |   0.0 |      10 |       0 |   0.0
        D:7 |    1016 |    2239 |  68.8 |      18 |       7 |  28.0
        D:8 |       6 |       0 |   0.0 |       2 |       0 |   0.0
            +---------+---------+-------+---------+---------+-------
